 Dungeon Crawl Stone Soup version 0.30-a0-1157-g2cc9ac7196 (webtiles) character file.

Game seed: 5671085862340731332

45 Ahpoh the Trooper (level 3, -2/24 HPs)
             Began as a Gargoyle Berserker on Apr 24, 2023.
             Was a Believer of Trog.
             Slain by a gnoll
             ... wielding a +0 club
              (5 damage)
             ... on level 2 of the Dungeon.
             The game lasted 00:03:05 (1333 turns).

Ahpoh the Trooper (Gargoyle Berserker)              Turns: 1333, Time: 00:03:05

Health: -2/24      AC:  5    Str: 20    XL:     3   Next: 64%
Magic:  3/3        EV: 12    Int:  7    God:    Trog [**....]
Gold:   26         SH:  0    Dex: 11    Spells: 2/2 levels left

rFire   . . .        a - +0 falchion
rCold   . . .        (no shield)
rNeg    + . .        b - +0 animal skin
rPois   ∞            (no helmet)
rElec   +            (no cloak)
rCorr   .            (no gloves)
SInv    .            (no boots)
Will    .....        (no amulet)
Stlth   +            (no ring)
HPRegen 0.24/turn    (no ring)
MPRegen 0.08/turn

%: no passive effects
@: no status effects
A: sickness immunity, AC +3, negative energy resistance 1, electricity
resistance, torment resistance 1, petrification resistance
a: Renounce Religion, Berserk, Trog's Hand


You were on level 2 of the Dungeon.
You worshipped Trog.
Trog was pleased with you.
You visited 1 branch of the dungeon, and saw 2 of its levels.

You collected 26 gold pieces.

Inventory:

Hand Weapons
 a - a +0 falchion (weapon)
Armour
 b - a +0 animal skin (worn)
Scrolls
 c - a scroll of poison {unknown}
 d - a scroll of vulnerability {unknown}
 f - 4 scrolls of teleportation {unknown}
 g - a scroll of silence {unknown}
 h - a scroll of fog {unknown}
 i - 3 scrolls of identify {unknown}
Potions
 e - a potion of lignification {unknown}


   Skills:
 + Level 3.7 Fighting
 + Level 3.6 Long Blades
 + Level 2.2 Armour
 + Level 1.8 Dodging


You had 2 spell levels left.
You didn't know any spells.
Your spell library was empty.

Dungeon Overview and Level Annotations

Branches:
Dungeon (2/15)

Altars:
Zin


Innate Abilities, Weirdness & Mutations

You are immune to sickness and miasma.
Your stone body is resilient. (AC +3)
You are immune to poison.
You resist negative energy. (rN+)
You are resistant to electric shocks. (rElec)
You are resistant to unholy torment.
You are immune to petrification.


Message History

A bat is nearby!
The bat hits you but does no damage.
You miss the bat. The bat barely misses you.
The bat hits you but does no damage.
You barely miss the bat. The bat hits you but does no damage. x2
You closely miss the bat. The bat hits you but does no damage. x2
You barely miss the bat. The bat barely misses you. The bat hits you.
The bat completely misses you. The bat barely misses you.
You hit the bat.
You kill the bat!
Trog accepts your kill.
You see here a bat corpse. 2 gnolls come into view.
The gnoll shouts!
You hear a shout!
A gnoll comes into view. It is wielding a +3 flail.
The gnoll moves out of view.
A gnoll comes into view. It is wielding a +0 club.
The gnoll shouts!
The gnoll misses you.
A giant cockroach comes into view.
You hit the gnoll.
The gnoll is moderately wounded.
The gnoll hits you from afar with a +0 spear!
The gnoll closely misses you.
You hit the gnoll.
The gnoll is heavily wounded.
The gnoll closely misses you. The gnoll barely misses you.
The gnoll hits you with a +0 whip. The gnoll closely misses you.
The gnoll hits you with a +3 flail!
You slash the gnoll!
You kill the gnoll!
Trog accepts your kill. The gnoll closely misses you.
The gnoll barely misses you.
You hit the gnoll but do no damage.
The gnoll hits you from afar with a +0 spear.
* * * LOW HITPOINT WARNING * * *
The gnoll closely misses you. The gnoll hits you with a +0 club.
You die...

.>......................
......#.##.###..........
.###. #.##.###..........
## #.##.#............
#.#.##.#............
#.#†##.#....####+... ###
#...##.#....####..._
....###g...##...........
.....gB@##....##...##...
.......g......##...# #..
############.......# #..
##.#....# #..
#.#....###..
#........... ##
#.##..###### ..
#.#.........
###.#...#.......


You could see 3 gnolls and a giant cockroach.

Vanquished Creatures
  A gnoll (D:2)
  A dart slug (D:1)
  A ball python (D:1)
  4 bats
  3 endoplasms
  A giant cockroach (D:2)
  4 goblins (D:1)
  2 hobgoblins (D:1)
  3 quokkas (D:1)
  7 frilled lizards
  6 rats
33 creatures vanquished.

Vanquished Creatures (others)
  2 plants (D:1)
2 creatures vanquished.

Grand Total: 35 creatures vanquished

Notes
Turn   | Place    | Note
-------+----------+-------------------------------------------
     0 | D:1      | Ahpoh the Gargoyle Berserker began the quest for the Orb.
     0 | D:1      | Reached XP level 1. HP: 14/14 MP: 1/1
   259 | D:1      | Reached XP level 2. HP: 17/19 MP: 2/2
   326 | D:1      | Found a faded altar of an unknown god.
   843 | D:1      | Reached XP level 3. HP: 20/24 MP: 3/3
   847 | D:1      | Reached ** piety under Trog
  1255 | D:2      | Found a glowing silver altar of Zin.
  1333 | D:2      | Slain by a gnoll

Illustrated notes

Levels and vault maps discovered:
D:1:      wander_arrival_fairy_ring, layout_basic,
          dreamdust_ecumenical_altar_hidden_monk_grotto, minmay_tromino_v4_c
D:2:      layout_basic, basic_altar, minmay_worlds_worst_comb

Skill      XL: |  1 |
---------------+----+-----
Long Blades    | 3 |  3.6
Fighting       | |  3.7
Armour         | |  2.2
Dodging        | |  1.8

Action                     || total
---------------------------++-------
  Melee: Falchion          ||   111
 Armour: Animal skin       ||    40
  Dodge: Dodged            ||    87

Table legend: (Time is in decaauts)
 A = Elapsed time spent in this place.
 B = Non-inter-level travel time spent in this place.
 C = Inter-level travel time spent in this place.
 D = Time resting spent in this place.
 E = Time spent auto-exploring this place.
 F = Levels seen in this place.
 G = Mean time per level.
                   A        B        C        D        E       F      G
               +--------+--------+--------+--------+--------+-----+--------+
         Total |   1348 |   1321 |     27 |      0 |    841 |   2 |  674.0 |
       Dungeon |   1348 |   1321 |     27 |      0 |    841 |   2 |  674.0 |
               +--------+--------+--------+--------+--------+-----+--------+

Top non-repeatable levels by time:
     D:1: 1092 daAuts
     D:2: 255 daAuts
